Map: Orbital Shipyard

Players

capac - Winner!

  • Race: Terran Terran
  • League: Gold

Skysoldia

  • Race: Zerg Zerg
  • League: Gold

VOD

Have the link to the VOD?

Description

Time

  • Played on: March 6, 2016, 9:09 a.m.
  • Length: 13:15
Show
View Real Time Build Order
Export as new Build Order

capac Terran - Winner!

Build Orders: MMM Bio 

Get SALT Encoding   

  12  0:00  SCV  
  13  0:13  SCV  
  14  0:18  Supply Depot  
  14  0:27  SCV  
  15  0:39  SCV  
  15  0:42  Barracks  
  16  0:46  Refinery  
  16  0:52  SCV  
  17  1:04  SCV  
  18  1:16  SCV  
  19  1:28  SCV  
  19  1:30  Barracks Reactor  
  20  1:38  Command Center  
  20  1:40  SCV  
  21  1:50  Supply Depot  
  21  1:53  Orbital Command  
  21  2:08  Marine x2  
  23  2:20  SCV  
  24  2:25  Marine  
  24  2:29  Barracks  
  25  2:31  Factory  
  25  2:34  Marine  
  25  2:35  SCV  
  27  2:47  SCV  
  28  2:59  Marine  
  28  3:00  Marine  
  28  3:03  SCV  
  30  3:05  Orbital Command  
  30  3:11  Refinery  
  30  3:13  Engineering Bay  
  30  3:16  Factory Reactor  
  30  3:17  Starport  
  30  3:18  Barracks Tech Lab  
  30  3:21  SCV  
  30  3:26  Marine x2  
  33  3:31  SCV  
  34  3:41  SCV  
  34  3:42  Marine  
  34  3:44  Marine x2  
  34  3:45  Stimpack  
  38  3:50  Refinery  
  38  4:03  Supply Depot  
  38  4:04  SCV  
  38  4:05  SCV  
  38  4:07  Medivac  
  38  4:09  Marine x3  
  45  4:17  SCV  
  46  4:21  Supply Depot  
  46  4:24  SCV  
  46  4:28  Supply Depot  
  46  4:29  Marine  
  46  4:30  Marine x2  
  50  4:31  Medivac  
  52  4:38  Medivac  
  54  4:46  Barracks  
  54  4:48  Barracks  
  54  4:50  SCV  
  55  4:58  Liberator x2  
  55  5:02  Marine x3  
  58  5:12  Factory Tech Lab  
  58  5:19  SCV  
  58  5:20  SCV  
  66  5:29  Supply Depot  
  66  5:30  Terran Infantry Weapons Level 1  
  66  5:31  SCV  
  66  5:32  SCV  
  68  5:37  Refinery  
  59  6:07  Marine  
  59  6:08  Marine x2  
  59  6:11  Barracks Reactor  
  63  6:14  Barracks Reactor  
  63  6:17  Supply Depot  
  63  6:18  SCV x2  
  64  6:19  Barracks, Command Center  
  64  6:23  Combat Shields  
  64  6:25  Marine x2  
  66  6:42  Marine  
  66  6:43  Marine x2  
  66  6:45  Siege Tank  
  72  6:53  Marine x4  
  76  7:00  Marine  
  76  7:01  Marine, SCV x2  
  79  7:02  Marine  
  79  7:05  Supply Depot  
  81  7:08  Armory  
  81  7:09  Barracks Reactor  
  81  7:10  Marine  
  81  7:11  Marine x2  
  81  7:12  Marine  
  81  7:13  SCV  
  86  7:23  Marine x2, SCV  
  89  7:46  Liberator x2  
  89  7:49  Marine x3  
  89  7:50  Marine x5  
  89  7:51  Marine  
  98  8:05  Siege Tank  
  107  8:07  Terran Infantry Weapons Level 2, Engineering Bay, Marine x4  
  107  8:10  Supply Depot  
  107  8:11  Supply Depot  
  111  8:13  SCV  
  112  8:37  Marine x3  
  112  8:38  Marine x6  
  121  8:41  Siege Tank  
  121  8:44  Terran Infantry Armor Level 1  
  124  8:48  Orbital Command  
  124  8:55  Marine  
  125  9:00  Marine x2  
  125  9:01  Marine x3  
  125  9:02  Marine  
  131  9:12  Medivac  
  133  9:18  Medivac  
  133  9:21  Supply Depot  
  135  9:27  SCV x3  
  135  9:30  Refinery  
  135  9:31  Refinery  
  138  9:32  Siege Tank  
  138  9:33  Supply Depot  
  141  9:39  Liberator x2  
  141  9:43  Marine x7  
  141  9:45  SCV  
  149  9:51  Supply Depot  
  149  9:54  Marine x2  
  149  9:55  SCV x2  
  159  10:01  Marine x6  
  165  10:12  Marine x2, SCV x3  
  170  10:15  Supply Depot x2  
  170  10:24  SCV x3  
  173  10:36  Marine x8  
  181  10:47  Marine  
  182  10:51  Terran Infantry Armor Level 2  
  182  10:52  Supply Depot  
  182  10:53  Terran Ship Weapons Level 1  
  182  10:54  Marine x2  
  182  10:55  Supply Depot  
  184  11:05  Command Center  
  150  11:45  Liberator x2  
  144  11:50  Marine  
  144  11:51  Marine x6  
  151  12:04  Marine x2, Siege Tank  
  162  12:08  Marine x2  
  162  12:09  Marine  
  136  12:33  Marine x4  
  136  12:34  Marine x3  
  136  12:35  Marine x2  
  136  12:36  Siege Tank  
  147  12:51  Marine x4  
  151  12:54  Marine x5  
Show
View Real Time Build Order
Export as new Build Order

Skysoldia Zerg 

Build Orders: Hatch First 

Get SALT Encoding   

  12  0:01  Drone  
  13  0:12  Overlord  
  13  0:17  Drone  
  14  0:22  Extractor  
  14  0:23  Drone  
  15  0:32  Drone  
  15  0:34  Drone  
  17  0:54  Hatchery  
  16  0:58  Drone  
  16  0:59  Drone  
  18  1:06  Drone  
  19  1:12  Extractor  
  19  1:17  Drone  
  19  1:22  Spawning Pool  
  18  1:28  Drone  
  19  1:38  Overlord  
  19  1:50  Drone  
  20  2:00  Drone  
  21  2:06  Drone  
  22  2:08  Queen x2  
  22  2:11  Drone  
  27  2:16  Drone  
  27  2:21  Metabolic Boost  
  28  2:24  Drone  
  28  2:28  Drone  
  30  2:34  Zergling x2  
  31  2:39  Zergling x2  
  32  2:52  Hatchery  
  32  2:53  Zergling x4  
  33  3:00  Drone  
  33  3:01  Drone  
  35  3:09  Roach Warren, Drone  
  35  3:10  Drone  
  36  3:17  Overlord  
  36  3:21  Overlord  
  36  3:28  Overlord  
  36  3:35  Queen x2  
  36  3:36  Drone  
  36  3:37  Drone x3  
  36  3:40  Drone  
  45  3:49  Drone x2  
  45  3:54  Drone x2  
  49  3:57  Drone x2  
  49  3:58  Extractor  
  49  4:02  Evolution Chamber  
  49  4:07  Roach x4  
  57  4:13  Roach  
  58  4:25  Drone  
  58  4:26  Drone x4  
  58  4:29  Drone  
  58  4:30  Drone  
  65  4:40  Overlord x2, Extractor  
  65  4:41  Overlord  
  65  4:42  Extractor  
  63  4:55  Queen  
  65  5:03  Drone x3  
  65  5:04  Drone x2  
  65  5:05  Drone  
  65  5:06  Drone  
  72  5:09  Lair  
  72  5:14  Zerg Missile Weapons Level 1  
  72  5:19  Overlord x4, Evolution Chamber  
  71  5:21  Zergling x2  
  71  5:22  Zergling x10  
  77  5:35  Drone x6  
  82  5:38  Roach x3  
  89  5:45  Evolution Chamber, Drone  
  83  6:13  Drone x4, Spore Crawler  
  83  6:14  Spore Crawler  
  83  6:15  Drone x3  
  83  6:16  Drone x2  
  90  6:19  Drone x4  
  90  6:24  Glial Reconstitution  
  94  6:26  Zerg Ground Armor Level 1  
  94  6:28  Hydralisk Den  
  94  6:31  Roach x5  
  103  6:49  Spore Crawler x2  
  103  6:51  Spore Crawler  
  100  6:54  Spore Crawler  
  100  6:55  Ravager x3  
  102  7:12  Zerg Missile Weapons Level 2  
  102  7:17  Drone x2  
  102  7:19  Drone x2  
  102  7:22  Overlord x4, Extractor  
  105  7:24  Overseer  
  105  7:25  Extractor  
  105  7:28  Zergling x4  
  105  7:29  Zergling x14  
  113  7:38  Overlord  
  113  7:39  Overlord  
  113  7:47  Roach x6  
  113  7:48  Roach x2  
  129  8:07  Hydralisk x4, Muscular Augments  
  137  8:16  Drone x2  
  137  8:17  Drone x2  
  137  8:18  Overlord, Drone x2  
  137  8:19  Overlord  
  141  9:03  Hydralisk x2  
  141  9:04  Hydralisk x7  
  141  9:05  Hydralisk x5  
  169  9:11  Hatchery  
  168  9:17  Infestation Pit  
  168  9:18  Zerg Melee Weapons Level 1  
  167  9:25  Roach  
  167  9:27  Overlord x5  
  167  9:28  Overlord  
  169  9:38  Spire  
  168  9:42  Spire  
  167  9:49  Drone x5  
  167  9:50  Drone x6  
  178  9:56  Roach x4  
  178  9:59  Ravager x3  
  189  10:21  Hive  
  189  10:25  Lurker Den  
  189  10:27  Overlord x2  
  189  10:28  Overlord x2  
  189  10:32  Hydralisk  
  189  10:33  Hydralisk x3  
  197  10:38  Overseer  
  197  10:39  Overseer  
  197  10:44  Drone x2  
  197  10:48  Extractor  
  197  10:49  Extractor  
  148  11:36  Roach x10  
  148  11:37  Roach x8  
  148  11:38  Roach x3  
  134  11:49  Hydralisk x4  
  134  11:50  Hydralisk x8  
  152  12:05  Lurker x2  
  88  12:26  Zergling x10  
  88  12:27  Zergling x10  
  85  12:36  Mutalisk  
  85  12:37  Roach x3  
Tags
 
Composition
MMM Bio
League
GoldGold
Matchup
TvZ
Add a new tag
Caveats
  • Supply blocks, unpowered buildings, or Contaminate may cause inaccurate times.
  • Supply counts are checked every 10 seconds.